AoeStats
← Jamwoo

Fortress

510162985Analyzed
2v2 RM · 3d ago on Sep 29, 2026· 126m 6s· 4 players
Game mode
Random Map
Map size
Normal (6 player)
Population
200
Speed
Normal
Resources
Standard
Victory
Conquest
Starting age
Dark Age
Ending age
Imperial Age
RankedLock teamsTeams togetherTeam positionsShared explorationLock speedFull tech treeHidden civsTurbo modeCheats
Victory
Defeat
🇪🇸 Spanish · Spain
615
+16
🇦🇷 Slavs · Argentina
612
+16
🇬🇧 Varangians · United Kingdom
622
-16
🇨🇦 Bengalis · Canada
610
-16
Nach
8:22 Feudal Age
9:13 Double-Bit Axe
10:54 Wheelbarrow
10:15 Loom
10:42 Gold Mining
10:35 Horse Collar
16:03 Castle Age
15:05 Bloodlines
16:32 Scale Barding Armor
17:04 Forging
17:33 Gold Shaft Mining
16:47 Town Watch
17:16 Bow Saw
18:30 Detinets
19:47 Fletching
21:10 Iron Casting
23:44 Fortified Wall
24:44 Chain Barding Armor
29:26 Masonry
33:08 Hand Cart
32:53 Bodkin Arrow
32:58 Murder Holes
33:24 Ballistics
33:09 Scale Mail Armor
36:16 Stone Mining
36:43 Padded Archer Armor
37:44 Elite Skirmisher
42:27 Pikeman
43:45 Squires
44:58 Chain Mail Armor
46:14 Heavy Plow
55:28 Husbandry
54:51 Light Cavalry
58:04 Imperial Age
56:03 Leather Archer Armor
61:47 Chemistry
60:51 Heavy Scorpion
60:54 Capped Ram
62:31 Conscription
67:24 Caravan
68:37 Hoardings
67:36 Elite Boyar
72:07 Siege Engineers
73:56 Druzhina
74:45 Plate Mail Armor
75:41 Halberdier
80:06 Two-Man Saw
107:17 Siege Ram
107:41 Onager
117:51 Hussar
125:11 Crop Rotation
124:45 Town Patrol
charliemarried
9:37 Feudal Age
9:58 Horse Collar
10:08 Double-Bit Axe
12:06 Man-at-Arms
15:47 Castle Age
14:27 Man-at-Arms
15:22 Forging
16:55 Heavy Plow
17:07 Bow Saw
18:38 Scale Mail Armor
18:39 Padded Archer Armor
18:30 Fletching
25:19 Chain Mail Armor
25:21 Leather Archer Armor
26:36 Wheelbarrow
29:34 Imperial Age
27:34 Stone Mining
27:38 Gold Mining
27:18 Elite Skirmisher
27:21 Long Swordsman
29:43 Masonry
29:34 Murder Holes
30:20 Iron Casting
29:33 Light Cavalry
30:24 Bloodlines
30:23 Thumb Ring
30:52 Plate Mail Armor
30:53 Ring Archer Armor
30:18 Bodkin Arrow
29:47 Capped Ram
31:04 Hand Cart
31:16 Elite Conquistador
32:32 Caravan
36:08 Two-Handed Swordsman
36:55 Champion
39:10 Hoardings
39:40 Chemistry
38:52 Masonry
39:04 Ballistics
39:01 Town Watch
39:02 Loom
39:01 Siege Ram
39:29 Gambesons
39:09 Pikeman
42:26 Blast Furnace
41:28 Bracer
41:34 Scale Barding Armor
41:50 Halberdier
45:23 Stone Shaft Mining
45:08 Inquisition
45:51 Block Printing
47:33 Fervor
47:43 Redemption
48:09 Illumination
48:24 Theocracy
49:39 Two-Man Saw
48:44 Town Patrol
48:29 Cavalier
54:25 Cavalier
59:29 Paladin
59:32 Hussar
60:36 Chain Barding Armor
60:42 Conscription
60:46 Atonement
61:07 Sanctity
60:48 Devotion
61:08 Heresy
60:44 Herbal Medicine
61:22 Architecture
61:06 Fortified Wall
64:56 Heavy Mounted Crossbowman
78:53 Husbandry
83:43 Plate Barding Armor
82:57 Arson
83:14 Squires
83:10 Arrowslits
84:48 Bombard Tower
84:19 Guard Tower
98:46 Keep
104:33 Siphons
JH
9:30 Feudal Age
11:14 Double-Bit Axe
11:11 Horse Collar
13:40 Wheelbarrow
17:09 Castle Age
17:57 Fletching
18:28 Gold Mining
18:53 Bow Saw
18:47 Heavy Plow
19:25 Bodkin Arrow
19:30 Padded Archer Armor
19:41 Scale Barding Armor
20:57 Paiks
20:21 Pikeman
22:20 Chain Barding Armor
22:54 Town Watch
27:50 Loom
28:08 Town Patrol
32:31 Forging
34:57 Imperial Age
36:32 Siege Elephant
38:14 Elite Elephant Archer
39:31 Caravan
43:27 Elite Skirmisher
45:55 Conscription
53:46 Bloodlines
52:57 Light Cavalry
53:40 Husbandry
53:15 Elite Ratha (Ranged)
59:15 Elite Battle Elephant
81:29 Halberdier
102:16 Crossbowman
103:55 Arbalester
106:39 Gambesons
106:15 Man-at-Arms
109:57 Long Swordsman
111:40 Iron Casting
111:06 Scale Mail Armor
111:41 Plate Barding Armor
111:07 Bracer
111:23 Leather Archer Armor
111:22 Two-Handed Swordsman
112:09 Squires
111:58 Champion
120:16 Blast Furnace
119:32 Chain Mail Armor
Jamwoo
10:00 Feudal Age
12:15 Double-Bit Axe
15:46 Castle Age
18:19 Bow Saw
20:23 Gold Mining
27:10 Fletching
28:12 Elite Skirmisher
36:52 Imperial Age
36:48 Caravan
38:53 Bodkin Arrow
39:10 Forging
39:07 Scale Barding Armor
39:53 Stone Mining
41:22 Chemistry
40:43 Ballistics
40:47 Horse Collar
42:01 Gothikon
43:16 Fortified Wall
45:46 Iron Casting
45:13 Bracer
45:14 Padded Archer Armor
46:01 Elite Varangian Guard
49:10 Scale Mail Armor
52:03 Blast Furnace
59:38 Leather Archer Armor
59:45 Chain Barding Armor
59:42 Chain Mail Armor
78:48 Plate Mail Armor
82:27 Elite Jarl
97:36 Ring Archer Armor
97:10 Cranequins
105:09 Cavalier
105:50 Husbandry
106:01 Bloodlines
115:38 Capped Ram
117:39 Siege Ram
Connection lost

Rejoining the realm…

Still unreachable

The connection could not be restored.

Session expired

The server has moved on; the page needs a fresh start.